 Dungeon Crawl Stone Soup version 0.31-a0-177-g4aa6249778 (webtiles) character file.

Game seed: 5480507928161925896

160 qw the Chopper (level 5, -1/32 HPs)
             Began as a Gargoyle Fighter on June 18, 2023.
             Slain by an iguana (3 damage)
             ... on level 4 of the Dungeon.
             The game lasted 00:01:11 (2891 turns).

qw the Chopper (Gargoyle Fighter)                   Turns: 2891, Time: 00:01:11

Health: -1/32      AC: 12    Str: 22    XL:     5   Next: 41%
Magic:  5/5        EV:  9    Int:  8    God:
Gold:   147        SH:  4    Dex:  9    Spells: 4/4 levels left

rFire   . . .        Y - +2 war axe
rCold   . . .        c - +0 buckler
rNeg    + . .        b - +0 scale mail
rPois   inf          (no helmet)
rElec   +            (no cloak)
rCorr   .            (no gloves)
SInv    .            f - +0 pair of boots
Will    .....        (no amulet) Stlth
                     (no ring)
HPRegen 0.25/turn    (no ring)
MPRegen 0.09/turn

%: no passive effects
@: no status effects
A: sickness immunity, AC +4, negative energy resistance 1, electricity
resistance, torment resistance 1, petrification resistance
a: no special abilities


You were on level 4 of the Dungeon.
You visited 1 branch of the dungeon, and saw 4 of its levels.

You collected 147 gold pieces.


Innate Abilities, Weirdness & Mutations

You are immune to sickness and miasma.
Your stone body is resilient. (AC +4)
You are immune to poison.
You resist negative energy. (rN+)
You are resistant to electric shocks. (rElec)
You are resistant to unholy torment.
You are immune to petrification.


   Skills:
 + Level 3.2 Fighting
 - Level 5.0 Axes
 - Level 3.2 Armour
 - Level 3.2 Shields


You had 4 spell levels left.
You didn't know any spells.
Your spell library was empty.

Inventory:

Hand Weapons
 h - a +0 flail
 Y - a +2 war axe (weapon)
Armour
 b - a +0 scale mail (worn)
 c - a +0 buckler (worn)
 f - a +0 pair of boots (worn)
Scrolls
 g - a scroll of identify
Potions
 a - a potion of haste {unknown}
 d - a potion of might
 e - a potion of lignification {unknown}
 i - a potion of resistance {unknown}
 j - a potion of magic {unknown}

Dungeon Overview and Level Annotations

Branches:
Dungeon (4/15)
 Temple: D:4-7

Altars:
Dithmenos
Uskayaw

Shops:
D:2 *:(

Annotations:
D:4 Blork the orc


Message History

Found a stone staircase leading down.
There is a stone staircase leading up here.
Blork the orc is nearby!
Waypoint 3 assigned to D:4.
An iguana comes into view.
Found a stone staircase leading down.
The iguana hisses angrily.
You block Blork the orc's attack.
You slash Blork the orc!
Blork the orc is moderately wounded.
Blork the orc casts a spell.
Blork the orc seems to speed up.
You hit Blork the orc.
Blork the orc is moderately wounded.
Blork the orc gestures at you while chanting.
The puff of flame hits you!
Blork the orc hits you with a +0 war axe!
You closely miss Blork the orc.
Blork the orc is moderately wounded.
Blork the orc casts a spell at you.
The puff of frost hits you but does no damage.
Blork the orc hits you but does no damage.
You barely miss Blork the orc.
Blork the orc is moderately wounded.
You closely miss the iguana. You block the iguana's attack.
You block Blork the orc's attack. The iguana bites you!
Blork the orc miscasts a cantrip.
You barely miss Blork the orc.
Blork the orc is moderately wounded.
You barely miss the iguana. Blork the orc casts a spell at you.
The puff of frost hits you but does no damage.
You block the iguana's attack.
You slash Blork the orc!
Blork the orc is severely wounded.
You closely miss the iguana.
Blork the orc hits you with a +0 war axe.
You block Blork the orc's attack. The iguana bites you.
You die...

#.># #..#
#..# #..#
#..# #.>#
#.o#
#.@######.#
#.l<.......
##.########
#.# #.# #..
###


You could see Blork the orc (fast) and an iguana.

Vanquished Creatures
  An orc wizard (D:3)
  6 gnolls (D:2)
  An adder (D:2)
  A worm (D:2)
  2 dart slugs (D:1)
  4 orcs (D:3)
  6 ball pythons
  2 endoplasms
  2 giant cockroaches (D:1)
  6 goblins
  6 hobgoblins
  6 kobolds
  A quokka (D:2)
  8 bats
  2 frilled lizards
  7 rats
61 creatures vanquished.

Notes
Turn   | Place    | Note
-------+----------+-------------------------------------------
     0 | D:1      | qw the Gargoyle Fighter began the quest for the Orb.
     0 | D:1      | Reached XP level 1. HP: 14/14 MP: 1/1
     0 | D:1      | 0 ||| qw: Version: 0.3-a-7-ge0c9b40
     0 | D:1      | 0 ||| qw: Game counter: 803
     0 | D:1      | 0 ||| qw: Always use a shield: true
     0 | D:1      | 0 ||| qw: God list: Okawaru
     0 | D:1      | 0 ||| qw: Allow faded altars: false
     0 | D:1      | 0 ||| qw: Do Orc after D:15 true
     0 | D:1      | 0 ||| qw: Do second Lair branch before Depths: true
     0 | D:1      | 0 ||| qw: Lair rune preference: random
     0 | D:1      | 0 ||| qw: Plans: Normal, Zot:1-4, Slime:5, God:TSO, Crypt,
                  | Tomb, Abyss, Pan, Hells, Win
     0 | D:1      | 0 ||| PLANNING D:1-11
    32 | D:1      | Reached skill level 2 in Axes
   158 | D:1      | Reached XP level 2. HP: 12/19 MP: 2/2
   514 | D:1      | 514 ||| Stepping ~*~*~tactically~*~*~ (hiding).
   515 | D:1      | 515 ||| Stepping ~*~*~tactically~*~*~ (hiding).
   523 | D:1      | Reached skill level 3 in Axes
   650 | D:1      | 650 ||| DROPPING +0 whip.
   680 | D:1      | Reached XP level 3. HP: 23/23 MP: 3/3
   714 | D:1      | Found a faded altar of an unknown god.
   846 | D:1      | 846 ||| READING 2 scrolls labelled BESTOYD HADGHEPI.
   847 | D:1      | 847 ||| READING scroll of enchant weapon.
   847 | D:1      | 847 ||| ENCHANTING +1 war axe.
   848 | D:1      | 848 ||| READING scroll labelled LIPAF SOQU.
   849 | D:1      | 849 ||| READING scroll labelled LAAQUA KOAT.
   903 | D:2      | Found a hide-covered altar of Uskayaw.
   965 | D:2      | 965 ||| Stepping ~*~*~tactically~*~*~ (hiding).
   978 | D:2      | Found Cehudoz's Antique Weapon Shoppe.
   992 | D:2      | 992 ||| SHOPLISTING runed mace (186 gold, have 70).
  1215 | D:2      | Found Zoghoale's General Store.
  1222 | D:2      | Reached XP level 4. HP: 25/28 MP: 4/4
  1227 | D:2      | Reached skill level 4 in Axes
  1264 | D:2      | 1264 ||| DROPPING +0 mace.
  1269 | D:2      | Found Jesip's Book Emporium.
  1626 | D:2      | 1626 ||| Stepping ~*~*~tactically~*~*~ (stealth).
  1630 | D:2      | 1630 ||| Stepping ~*~*~tactically~*~*~ (stealth).
  1631 | D:2      | 1631 ||| Stepping ~*~*~tactically~*~*~ (stealth).
  1651 | D:2      | 1651 ||| Stepping ~*~*~tactically~*~*~ (hiding).
  1653 | D:2      | 1653 ||| Stepping ~*~*~tactically~*~*~ (hiding).
  1795 | D:2      | Reached XP level 5. HP: 32/32 MP: 5/5
  1889 | D:2      | 1889 ||| READING scroll labelled CEKKOCILUPT.
  2179 | D:3      | 2179 ||| Stepping ~*~*~tactically~*~*~ (stealth).
  2181 | D:3      | 2181 ||| Stepping ~*~*~tactically~*~*~ (hiding).
  2465 | D:3      | Found a shadowy altar of Dithmenos.
  2504 | D:3      | Reached skill level 5 in Axes
  2852 | D:3      | 2852 ||| UPGRADING to +0 pair of boots.
  2857 | D:3      | 2857 ||| READING scroll labelled QIOSEU RUESOECH.
  2884 | D:4      | Noticed Blork the orc
  2889 | D:4      | HP: 8/32 [iguana (10)]
  2891 | D:4      | HP: 2/32 [Blork the orc/+0 war axe (6)]
  2891 | D:4      | Slain by an iguana

Levels and vault maps discovered:
D:1:      ncdulo_watergridlock, layout_loops_ring,
          hellmonk_ecumenical_altar_zigzags, minmay_misc_feat_more_columns
D:2:      layout_basic, basic_altar, serial_shops,
          nicolae_shop_tiny_statue_garden, shop, nicolae_diamond_shop
D:3:      layout_loops_ring, grunt_dithmenos_smoke_and_mirrors, serial_rivers,
          chequers_serial_rivers_micro_b, chequers_serial_rivers_marsh,
          chequers_serial_rivers_room_b, chequers_serial_rivers_micro_a,
          chequers_serial_rivers_room_a, columned_hall_lemuel
D:4:      layout_loops_ring, elyvilon_altar_4, nicolae_overflow_crystal_walls,
          uniq_blork_the_orc, uniq_eustachio, uniq_duvessa, uniq_sigmund

Skill      XL: |  1  2  3  4  5 |
---------------+----------------+-----
Axes           | 2 3 4 5 |  5.0
Fighting       | |  3.2
Armour         | |  3.2
Shields        | |  3.2

Action                     |  1- 3 |  4- 6 || total
---------------------------+-------+-------++-------
  Melee: War axe           |    81 |    84 ||   165
    Use: Scroll            |     4 |     2 ||     6
 Armour: Scale mail        |    42 |    43 ||    85
  Dodge: Dodged            |    33 |    22 ||    55
  Block: Buckler           |    13 |    17 ||    30

Table legend:
 A = Non-vault XP
 B = Vault XP
 C = Vault XP percentage of total XP
 D = Non-vault monster count
 E = Vault monster count
 F = Vault count percentage of total count
                 A         B        C        D         E       F
            +---------+---------+-------+---------+---------+-------
      Total |     229 |       0 |   0.0 |      61 |       0 |   0.0
            +---------+---------+-------+---------+---------+-------
        D:1 |      38 |       0 |   0.0 |      20 |       0 |   0.0
        D:2 |     127 |       0 |   0.0 |      25 |       0 |   0.0
        D:3 |      64 |       0 |   0.0 |      16 |       0 |   0.0
            +---------+---------+-------+---------+---------+-------
